 Dungeon Crawl Stone Soup version 0.28.0 (webtiles) character file.

Game seed: 9408395175942745096

1925 Host24 the Quickloader (level 9, -12/73 HPs)
             Began as a Kobold Hunter on Feb 5, 2022.
             Was a Follower of Okawaru.
             Mangled by an orc knight (19 damage)
             ... in a bailey.
             The game lasted 00:22:39 (8782 turns).

Host24 the Quickloader (Kobold Hunter)              Turns: 8782, Time: 00:22:40

Health: -12/73     AC: 24    Str: 10 (12) XL:     9   Next: 39%
Magic:  13/13      EV:  3    Int: 10 (12) God:    Okawaru [*.....]
Gold:   571        SH:  0    Dex: 17 (19) Spells: 8/8 levels left

rFire   . . .      SeeInvis .   a - +2 hand crossbow
rCold   . . .      Faith    .   (no shield)
rNeg    . . .      Spirit   .   (armour currently unavailable)
rPois   +          Reflect  .   (helmet currently unavailable)
rElec   .          Harm     .   (cloak currently unavailable)
rCorr   .          Rampage  .   (gloves currently unavailable)
Will    .....      NoTele   +   (boots currently unavailable)
Stlth   +++++.....              (no amulet)
HPRegen 0.22/turn               (no ring)
MPRegen 0.13/turn               (no ring)

@: brilliant, tree-form, heroic, hasted, very quick
A: stationary, stasis, torment immunity, boosted hp, small, no large weapons,
nightstalker 3, thin skeletal structure 1, frail 1
a: Renounce Religion, Heroism


You were in a bailey.
You worshipped Okawaru.
Okawaru was aware of your devotion.
You were a tree.
You visited 2 branches of the dungeon, and saw 8 of its levels.
You also visited: Bailey.

You collected 571 gold pieces.

Inventory:

Hand Weapons
 a - a +2 hand crossbow (weapon)
 E - a +0 dagger of electrocution
Missiles
 d - a bolt (quivered ammo)
 g - 202 stones
 h - 199 arrows
 m - 27 poisoned darts
 q - 6 javelins
 F - 16 boomerangs
 G - 10 curare-tipped darts
 H - 4 datura-tipped darts
Armour
 c - a +0 leather armour (melded)
 p - a +0 helmet (melded)
 x - a +2 cloak (melded)
Jewellery
 D - a ring of wizardry
Wands
 o - a wand of polymorph (8)
 s - a wand of flame (20)
 y - a wand of digging (4)
Scrolls
 i - a scroll of noise
 l - 4 scrolls of identify
 n - 7 scrolls of teleportation
 r - a scroll of enchant weapon
 t - a scroll of magic mapping
 w - a scroll of amnesia
Potions
 f - 2 potions of lignification
 j - 2 potions of curing
 A - a potion of berserk rage
Miscellaneous
 I - a piece from Xom's chessboard (15/15)
 J - a phantom mirror


   Skills:
 - Level 6.0(11.0) Fighting
 - Level 10.0(15.0) Crossbows
 - Level 6.3(11.3) Dodging
 - Level 1.3(6.3) Stealth
 + Level 6.0 Invocations


You had 8 spell levels left.
You didn't know any spells.
Your spell library contained the following spells:

 Spells                   Type           Power      Damage    Failure   Level
 Magic Dart               Conj           0%         1d3       36%         1
 Frozen Ramparts          Ice            0%         1d2       75%         3
 Mephitic Cloud           Conj/Pois/Air  0%         N/A       75%         3
 Anguish                  Hex/Necr       0%         N/A       98%         4
 Hailstorm                Conj/Ice       0%         3d3       98%         4
 Ice Form                 Ice/Tmut       0%         N/A       98%         4
 Enfeeble                 Hex            0%         N/A       100%        7
 Call Imp                 Summ           Unusable   N/A       N/A         2
 Tukima's Dance           Hex            Unusable   N/A       N/A         3
 Summon Ice Beast         Ice/Summ       Unusable   N/A       N/A         4
 Simulacrum               Ice/Necr       Unusable   N/A       N/A         6

Dungeon Overview and Level Annotations

Branches:
Dungeon (7/15)             Temple (1/1) D:7          Bailey (1/1)

Altars:
Ashenzari
Cheibriados
Dithmenos
Elyvilon
Fedhas
Gozag
Hepliaklqana
Kikubaaqudgha
Makhleb
Nemelex Xobeh
Okawaru
Qazlal
Ru
Sif Muna
Uskayaw
Vehumet
Wu Jian
Xom
Yredelemnul
Zin
The Shining One

Annotations:
D:3 1 runed translucent door, MrRush's ghost, amateur MiFi
D:7 1 runed translucent door


Innate Abilities, Weirdness & Mutations

You are a tree.
Your roots penetrate the ground, keeping you stationary.
You cannot be teleported.
You are immune to unholy pain and torment.
Your maximum health is greatly increased.
Your equipment is partially melded.
You are small and have problems with some larger weapons.
You are completely attuned to the shadows.
You have a somewhat thin skeletal structure. (Dex +2, Stealth+)
You are frail. (-10% HP)


Message History

Fire: 7 bolts
Press: ? - help, Q - select action, (/) - cycle Shift-Dir - straight line, f/p - orc knight
Aim: an orc knight, wielding a +0 war axe and wearing a +0 plate armour (grey smoke, lightly wounded, 74% to hit)
You shoot a bolt. The bolt hits the kobold brigand!
The kobold brigand is moderately wounded.
The kobold brigand hits you but does no damage.
A kobold brigand comes into view.
It is wielding a +0 war axe and quivering poisoned darts.
Fire: 6 bolts
Press: ? - help, Q - select action, (/) - cycle Shift-Dir - straight line, f/p - orc knight
Aim: an orc knight, wielding a +0 war axe and wearing a +0 plate armour (grey smoke, lightly wounded, 74% to hit)
You shoot a bolt. The bolt hits the kobold brigand!
The kobold brigand is severely wounded.
The kobold brigand hits you with a +0 war axe.
* * * LOW HITPOINT WARNING * * *
Fire: 5 bolts
Press: ? - help, Q - select action, (/) - cycle Shift-Dir - straight line, f/p - orc knight
Aim: an orc knight, wielding a +0 war axe and wearing a +0 plate armour (grey smoke, lightly wounded, 74% to hit)
You shoot a bolt. The bolt hits the kobold brigand.
The kobold brigand is almost dead.
Okay, then.
Okay, then.
Fire: 4 bolts
Press: ? - help, Q - select action, (/) - cycle Shift-Dir - straight line, f/p - orc knight
Aim: an orc knight, wielding a +0 war axe and wearing a +0 plate armour (grey smoke, lightly wounded, 74% to hit)
You shoot a bolt. The bolt hits the kobold brigand.
You kill the kobold brigand!
Okawaru accepts your kill.
Your Invocations skill increases to level 6!
Fire: 3 bolts
Press: ? - help, Q - select action, (/) - cycle Shift-Dir - straight line, f/p - orc knight
Aim: an orc knight, wielding a +0 war axe and wearing a +0 plate armour (grey smoke, lightly wounded, 74% to hit)
You shoot a bolt. The bolt hits the orc knight.
The orc knight is lightly wounded.
Fire: 2 bolts
Press: ? - help, Q - select action, (/) - cycle Shift-Dir - straight line, f/p - orc knight
Aim: an orc knight, wielding a +0 war axe and wearing a +0 plate armour (grey smoke, lightly wounded, 74% to hit)
You shoot a bolt. The bolt hits the orc knight!
The orc knight is moderately wounded.
The orc knight hits you with a +0 war axe!!
You die...

....≈≈.......≈≈....#
.###≈≈.......≈≈###.#
....≈≈.......≈≈....#
.###≈≈.......≈≈###.#
....≈≈......K≈≈....#
.###≈≈.......≈≈###.#
....≈≈.......≈≈§...#
.###≈≈.......≈§###§#
....≈≈.....(.§Ko♣§§#
####≈≈.......≈§#####
##≈.....(.≈##
####'''####
##.....## #∩...K(∩#
#...8(..# ##....(##
###'###


You could see an orc knight and a kobold brigand.

Vanquished Creatures
  2 black bears
  3 orc warriors (Bailey)
  A centaur (D:7)
  7 kobold brigands (Bailey)
  A wyvern zombie (D:6)
  A scorpion (D:5)
  A water moccasin skeleton (D:5)
  A howler monkey (D:6)
  A bullfrog zombie (D:6)
  A jelly (D:6)
  An orc priest (D:7)
  2 hounds
  2 iguanas
  Jessica (D:2)
  A gnoll shaman (D:5)
  Terence (D:2)
  3 orc wizards
  A hound zombie (D:5)
  10 gnolls
  A howler monkey zombie (D:7)
  A howler monkey skeleton (D:5)
  9 adders
  A shadow imp (D:6)
  3 dart slugs
  2 worms
  11 orcs
  5 endoplasms
  4 giant cockroaches (D:4)
  10 goblins
  6 hobgoblins
  5 jackals (D:1)
  5 quokkas
  5 ball pythons
  5 bats
  4 frilled lizards
  A jackal skeleton (D:4)
  17 kobolds
  3 rats
139 creatures vanquished.

Vanquished Creatures (others)
  9 plants (D:1)
9 creatures vanquished.

Grand Total: 148 creatures vanquished

Notes
Turn   | Place    | Note
-------+----------+-------------------------------------------
     0 | D:1      | Host24 the Kobold Hunter began the quest for the Orb.
     0 | D:1      | Reached XP level 1. HP: 12/12 MP: 1/1
    60 | D:1      | Reached skill level 5 in Crossbows
   371 | D:1      | Reached XP level 2. HP: 18/18 MP: 2/2
   614 | D:1      | Reached XP level 3. HP: 6/23 MP: 3/3
  1550 | D:2      | Noticed a shining eye
  1551 | D:2      | Found a faded altar of an unknown god.
  1551 | D:2      | Noticed a golden eye
  1554 | D:2      | Noticed a golden eye
  1554 | D:2      | Noticed a shining eye
  1559 | D:2      | Noticed Jessica
  1567 | D:2      | Killed Jessica
  1568 | D:2      | Reached skill level 6 in Crossbows
  1568 | D:2      | Reached XP level 4. HP: 28/28 MP: 4/4
  1708 | D:2      | Noticed Terence
  1716 | D:2      | Killed Terence
  1996 | D:2      | Reached XP level 5. HP: 32/32 MP: 5/5
  2199 | D:2      | Reached skill level 7 in Crossbows
  2977 | D:3      | Found a runed translucent door.
  2977 | D:3      | Noticed MrRush's ghost (amateur MiFi)
  3371 | D:3      | Reached XP level 6. HP: 36/37 MP: 6/6
  3954 | D:3      | Reached skill level 8 in Crossbows
  4502 | D:4      | Noticed a black bear
  4511 | D:4      | Killed a black bear
  4512 | D:4      | Reached XP level 7. HP: 30/41 MP: 7/7
  4708 | D:4      | Reached skill level 9 in Crossbows
  5482 | D:5      | Entered Level 5 of the Dungeon
  6152 | D:5      | Reached skill level 10 in Crossbows
  6807 | D:6      | Reached XP level 8. HP: 36/48 MP: 8/8
  7068 | D:6      | Reached skill level 5 in Fighting
  7723 | D:7      | Found a runed translucent door.
  7860 | D:7      | Found a staircase to the Ecumenical Temple.
  7864 | Temple   | Entered the Ecumenical Temple
  7950 | Temple   | Became a worshipper of Warmaster Okawaru
  8060 | D:7      | Reached skill level 5 in Dodging
  8066 | D:7      | Found a flagged portal.
  8077 | Bailey   | Entered a bailey
  8315 | Bailey   | Reached skill level 1 in Invocations
  8315 | Bailey   | Reached XP level 9. HP: 14/55 MP: 8/10
  8569 | Bailey   | Reached * piety under Okawaru
  8711 | Bailey   | Reached skill level 5 in Invocations
  8741 | Bailey   | Noticed an orc knight
  8752 | Bailey   | HP: 2/55 [kobold brigand (7)]
  8758 | Bailey   | Gained mutation: You have a somewhat thin skeletal
                  | structure. (Dex +2, Stealth+) [potion of mutation]
  8758 | Bailey   | Gained mutation: You are frail. (-10% HP) [potion of
                  | mutation]
  8782 | Bailey   | Mangled by an orc knight

Illustrated notes

Levels and vault maps discovered:
D:1:      scummos_arrival_gate, layout_loops_cross, minmay_misc_feat_nine_boxes,
          hangedman_decor_points, nicolae_grassy_gnolls
D:2:      layout_loops_ring, hellmonk_ecumenical_altar_watching_god,
          uniq_jessica, uniq_terence
D:3:      layout_basic, hellmonk_ghost_happy_afterlife, skrybe_limestone_x,
          chequers_serial_rivers_room_b, eino_tiny_chamber
D:4:      layout_gridville, minmay_vboxes
D:5:      layout_rooms
D:6:      layout_rooms
D:7:      layout_cave_pools, temple_hall_moat, enter_bailey_5,
          ebering_ghost_reflecting_pool, hangedman_decor_slide_cut
Temple:   mainiacjoe_temple_starburst
Bailey:   bailey_axe_3, bailey

Skill      XL: |  1  2  3  4  5  6  7  8  9 |
---------------+----------------------------+-----
Crossbows      | 5 6 7 8 10 | 10.0
Fighting       | 3 4 6 |  6.0
Dodging        | 3 6 |  6.3
Invocations    | 1 6 |  6.0
Stealth        | |  1.3

Action                   |  1- 3 |  4- 6 |  7- 9 || total
-------------------------+-------+-------+-------++-------
Melee: Short sword       |    86 |    93 |   143 ||   322
       Punch             |     1 |     3 |     3 ||     7
       Dagger            |       |       |    46 ||    46
 Fire: Hand crossbow     |    10 |    54 |   181 ||   245
Throw: Dart              |       |       |     2 ||     2
       Stone             |       |       |     2 ||     2
Invok: Heroism           |       |       |     2 ||     2
Evoke: Wand              |       |       |     7 ||     7
  Use: Scroll            |       |       |     8 ||     8
       Potion            |       |       |     7 ||     7
 Stab: Sleeping          |     8 |    13 |     6 ||    27
       Paralysed         |       |       |     4 ||     4
Armor: Leather armour    |    15 |    27 |    76 ||   118
       Skin              |       |       |     7 ||     7
Dodge: Dodged            |    73 |    96 |   266 ||   435
